Map: Purity and Industry LE

Players

NinjaBebop

  • Race: Protoss Protoss
  • League: Platinum
  • Spawn Location: 3:00

dareonion - Winner!

  • Race: Terran Terran
  • League: Platinum
  • Spawn Location: 12:00

VOD

Have the link to the VOD?

Description

Time

  • Played on: May 1, 2020, 3:13 a.m.
  • Length: 16:40
Show
View Real Time Build Order
Export as new Build Order

NinjaBebop Protoss 

Build Orders: Oracle Opening, Phoenix Opening 

Get SALT Encoding   

  12  0:00  Probe  
  13  0:13  Pylon  
  13  0:17  Probe  
  14  0:31  Gateway  
  14  0:34  Probe (Chrono Boost)  
  15  0:44  Probe (Chrono Boost)  
  15  0:49  Probe (Chrono Boost), Assimilator  
  17  1:01  Probe  
  18  1:12  Pylon  
  18  1:13  Probe  
  19  1:23  Cybernetics Core  
  19  1:28  Assimilator  
  19  1:35  Probe  
  20  1:47  Probe  
  21  1:57  Stalker (Chrono Boost)  
  21  1:59  Probe  
  24  2:12  Stargate  
  24  2:34  Nexus  
  24  2:37  Stalker  
  24  2:38  Warp Gate  
  26  2:47  Pylon  
  26  2:58  Oracle (Chrono Boost)  
  26  3:02  Probe  
  30  3:15  Probe  
  31  3:25  Oracle (Chrono Boost)  
  32  3:27  Probe  
  35  3:43  Probe  
  36  3:53  Phoenix (Chrono Boost)  
  38  4:04  Probe  
  39  4:10  Probe  
  40  4:20  Probe  
  40  4:22  Probe  
  42  4:32  Probe  
  42  4:34  Probe  
  44  4:43  Stalker  
  44  4:45  Void Ray  
  50  4:51  Probe x2, Pylon  
  52  4:53  Pylon  
  52  5:02  Gateway  
  52  5:04  Gateway  
  52  5:21  Shield Battery, Stalker  
  52  5:22  Shield Battery  
  52  5:24  Shield Battery  
  54  5:50  Probe x2  
  56  6:02  Probe x2  
  58  6:13  Oracle  
  61  6:18  Stalker x3  
  57  6:58  Stalker x2  
  57  6:59  Stalker  
  57  7:00  Probe x2  
  65  7:07  Oracle  
  68  7:12  Probe  
  64  7:27  Probe  
  64  7:28  Probe  
  66  7:39  Probe  
  66  7:40  Probe  
  68  7:45  Pylon  
  68  7:51  Probe  
  68  7:52  Probe  
  68  7:58  Assimilator  
  70  8:00  Assimilator  
  70  8:01  Pylon  
  70  8:03  Oracle (Chrono Boost)  
  70  8:05  Pylon  
  73  8:16  Forge  
  73  8:17  Forge  
  73  8:27  Probe x2  
  73  8:29  Stalker x3  
  78  8:37  Oracle (Chrono Boost)  
  78  8:40  Probe x2  
  83  8:52  Probe  
  84  8:57  Photon Cannon  
  84  8:58  Photon Cannon  
  84  9:00  Shield Battery  
  84  9:03  Nexus  
  84  9:05  Pylon  
  84  9:12  Gateway  
  84  9:14  Gateway x2  
  84  9:21  Twilight Council  
  84  9:49  Stalker x3  
  90  10:11  Templar Archives  
  90  10:18  Oracle (Chrono Boost)  
  90  10:20  Protoss Ground Weapons Level 1 (Chrono Boost)  
  93  10:28  Probe (Chrono Boost)  
  94  10:34  Charge (Chrono Boost)  
  94  10:35  Zealot x5  
  100  10:37  Probe (Chrono Boost)  
  100  10:42  Probe (Chrono Boost)  
  105  10:44  Nexus  
  105  10:46  Pylon, Oracle (Chrono Boost)  
  105  10:49  Pylon  
  109  10:54  Probe  
  110  11:10  Nexus  
  110  11:15  Oracle  
  113  11:46  Pylon  
  113  11:49  Pylon  
  113  11:53  Stalker x3  
  119  11:54  Stalker  
  119  11:56  Photon Cannon  
  119  11:58  Photon Cannon  
  119  12:00  Photon Cannon  
  110  12:03  Shield Battery  
  110  12:06  Zealot x3  
  110  12:07  Zealot x3, Shield Battery  
  90  12:22  Probe (Chrono Boost)  
  90  12:28  Probe x2 (Chrono Boost)  
  91  12:32  Probe x2 (Chrono Boost), Psionic Storm  
  92  12:37  Probe (Chrono Boost)  
  92  12:38  Probe  
  83  12:45  Photon Cannon  
  83  12:46  High Templar  
  83  12:47  High Templar x3  
  83  12:48  High Templar x2, Photon Cannon  
  83  12:49  Probe (Chrono Boost)  
  83  12:50  Probe (Chrono Boost), Photon Cannon  
  97  12:55  Archon x3  
  97  13:02  Probe x2 (Chrono Boost)  
  99  13:11  Probe x2 (Chrono Boost)  
  101  13:18  Probe (Chrono Boost)  
  104  13:20  Probe (Chrono Boost)  
  104  13:21  Probe (Chrono Boost)  
  105  13:27  Gateway  
  105  13:28  Probe (Chrono Boost)  
  105  13:29  Probe (Chrono Boost)  
  105  13:30  Gateway  
  105  13:31  Probe (Chrono Boost)  
  105  13:32  Gateway  
  105  13:33  Probe (Chrono Boost)  
  108  13:34  Probe (Chrono Boost)  
  108  13:35  Dark Shrine, Gateway  
  109  13:43  High Templar  
  109  13:44  High Templar x2, Photon Cannon, Probe  
  109  13:45  Probe  
  109  13:46  Photon Cannon  
  117  13:52  Pylon  
  109  14:08  Zealot x2  
  109  14:09  Zealot  
  113  14:20  Probe (Chrono Boost)  
  114  14:27  Gateway x2  
  114  14:29  Probe (Chrono Boost)  
  114  14:30  High Templar x3  
  121  14:34  Probe (Chrono Boost)  
  122  14:47  High Templar  
  69  15:16  Archon  
  69  15:21  Dark Templar x2  
  61  15:25  Assimilator  
  57  15:29  Assimilator  
  57  15:31  Gateway  
  57  15:33  Gateway  
  54  15:37  Gateway  
  54  15:39  Dark Templar  
  54  15:41  Gateway  
  54  15:42  Gateway  
  40  15:54  Assimilator  
  40  15:55  Zealot x2  
  40  15:56  Zealot x3  
  50  15:57  Assimilator  
  31  16:23  Zealot x4  
  31  16:24  Zealot x2  
Show
View Real Time Build Order
Export as new Build Order

dareonion Terran - Winner!

Build Orders: Reaper Expand, Banshee Rush 

Get SALT Encoding   

  12  0:00  SCV  
  13  0:12  SCV  
  14  0:17  Supply Depot  
  14  0:24  SCV  
  15  0:38  SCV  
  15  0:40  Barracks  
  16  0:44  Refinery  
  16  0:50  SCV  
  17  1:02  SCV  
  18  1:15  SCV  
  19  1:28  Orbital Command, Reaper  
  20  1:46  Command Center  
  20  1:56  SCV  
  20  1:58  Supply Depot  
  20  2:00  Marine  
  22  2:10  SCV  
  22  2:15  Factory  
  23  2:16  Refinery  
  23  2:25  Barracks Reactor  
  23  2:26  SCV  
  24  2:40  SCV  
  25  2:46  Bunker  
  25  2:58  Orbital Command, SCV  
  26  3:01  Factory Tech Lab  
  26  3:05  Starport  
  26  3:07  Marine x2  
  26  3:10  SCV  
  28  3:22  SCV  
  28  3:24  SCV  
  28  3:25  Marine  
  28  3:26  Marine  
  32  3:37  SCV x2  
  32  3:38  Factory Tech Lab  
  34  3:45  Supply Depot, Marine x2  
  36  3:51  SCV x2  
  36  3:53  Cloaking Field  
  36  3:54  Banshee  
  41  4:03  Siege Tank  
  41  4:04  Marine x2  
  41  4:07  SCV x2  
  48  4:14  Supply Depot  
  48  4:21  SCV x2  
  46  4:33  Marine x2  
  45  4:43  Banshee  
  48  4:50  SCV x2  
  50  4:57  Marine x2  
  52  5:12  SCV x2  
  51  5:21  Marine x2, Siege Tank  
  53  5:25  Command Center  
  56  5:32  Supply Depot  
  51  5:56  SCV x2  
  52  6:03  Engineering Bay  
  50  6:06  Engineering Bay  
  50  6:12  SCV  
  50  6:13  Marine x2, SCV  
  52  6:25  Bunker  
  44  6:35  Marine x2  
  44  6:39  SCV x2  
  42  6:42  Orbital Command  
  42  6:51  SCV  
  40  6:55  SCV  
  41  7:03  SCV  
  41  7:06  Marine x2  
  41  7:07  SCV  
  45  7:13  Barracks  
  45  7:14  Barracks  
  43  7:24  Marine  
  41  7:30  Missile Turret  
  41  7:31  SCV x2  
  41  7:36  Missile Turret  
  43  7:38  Terran Infantry Weapons Level 1  
  43  7:39  Refinery  
  43  7:40  Refinery  
  43  7:41  Orbital Command  
  43  7:45  Barracks  
  43  7:47  Barracks  
  43  7:48  SCV x2  
  45  7:53  Marine x2  
  47  8:01  SCV  
  47  8:03  Marine  
  47  8:04  Marine  
  50  8:05  SCV  
  50  8:11  Marine, Siege Tank  
  55  8:13  SCV  
  55  8:19  Command Center  
  56  8:22  Barracks Tech Lab  
  56  8:23  Barracks, Barracks Tech Lab  
  56  8:25  SCV, Starport Reactor  
  57  8:31  Marine x2  
  57  8:33  SCV  
  60  8:41  SCV x2  
  62  8:49  SCV  
  62  8:51  Marine x2  
  62  8:53  SCV  
  66  8:57  SCV  
  66  8:58  Marine  
  66  8:59  Combat Shield  
  66  9:01  Stimpack  
  66  9:02  Terran Infantry Armor Level 1  
  69  9:04  Refinery  
  69  9:05  SCV x2  
  69  9:08  Marine x2, Refinery  
  73  9:12  Barracks Reactor  
  73  9:15  Concussive Shells  
  73  9:16  SCV  
  73  9:17  SCV  
  73  9:19  Marine x2  
  76  9:25  SCV  
  76  9:26  Marauder  
  76  9:28  Marine x2, SCV  
  78  9:42  Marine x2, Missile Turret  
  75  9:46  Marine, Medivac, Siege Tank  
  75  9:47  Medivac  
  75  9:50  Missile Turret  
  75  9:51  SCV x3  
  85  9:55  Orbital Command  
  84  10:00  Missile Turret  
  84  10:02  Marine x4  
  84  10:03  SCV  
  84  10:05  Marauder x2  
  93  10:10  SCV x2  
  94  10:18  Marine, SCV  
  94  10:19  Marine, Missile Turret x2  
  97  10:22  SCV  
  97  10:26  Armory  
  98  10:30  Marine x2  
  98  10:33  Starport  
  100  10:35  Supply Depot  
  100  10:38  Supply Depot  
  100  10:39  Refinery  
  100  10:53  Supply Depot  
  100  10:55  Refinery  
  100  10:57  Marine x2, SCV x2, Medivac x2  
  100  10:59  Armory  
  100  11:00  Marine x5, SCV x2  
  115  11:09  SCV  
  116  11:13  Starport  
  116  11:15  SCV, Siege Tank  
  120  11:19  Terran Infantry Weapons Level 2  
  120  11:20  Terran Infantry Armor Level 2  
  113  11:36  Marine x4, SCV x4  
  113  11:37  Marauder  
  123  11:40  Supply Depot  
  123  11:41  Supply Depot  
  123  11:42  Missile Turret  
  123  11:43  Supply Depot, Marine  
  123  11:44  Supply Depot  
  123  11:46  Supply Depot  
  124  11:57  Command Center  
  124  12:02  Marine, Marauder, Medivac x2  
  118  12:17  Marine x3, SCV x4  
  118  12:18  Marauder, Siege Tank  
  123  12:23  Marine  
  123  12:24  Marauder  
  123  12:25  Barracks Tech Lab  
  123  12:28  Starport Tech Lab x2  
  123  12:29  SCV x2  
  128  12:36  SCV x2  
  128  12:38  Medivac x2  
  131  12:44  Missile Turret  
  131  12:45  Missile Turret  
  131  12:48  Marine x3, SCV x2  
  131  12:49  Marauder x3  
  131  12:51  Raven  
  144  12:52  SCV  
  145  13:03  SCV x3  
  145  13:04  Missile Turret  
  148  13:08  Marine x3  
  148  13:09  Marine  
  148  13:10  Medivac  
  148  13:11  Marauder x2  
  148  13:12  SCV  
  159  13:16  Refinery  
  159  13:23  Marine  
  159  13:26  Marine x2  
  162  13:33  SCV x2  
  162  13:34  SCV x2  
  166  13:35  Marine x3  
  166  13:36  Marine  
  166  13:37  Medivac, Siege Tank  
  177  13:41  Marauder  
  177  13:50  Marine x2  
  179  13:55  SCV  
  179  13:56  Terran Infantry Weapons Level 3  
  179  13:57  Supply Depot, Terran Infantry Armor Level 3  
  179  14:00  Supply Depot  
  179  14:02  Supply Depot, SCV  
  179  14:04  SCV  
  179  14:05  Marine, SCV  
  179  14:09  SCV  
  179  14:19  Marine x2, SCV, Marauder  
  179  14:20  Marine x3, SCV x2  
  179  14:21  SCV  
  179  14:23  Marine  
  189  14:38  Marine x4  
  189  14:39  Marauder  
  189  14:40  Marine x2  
  189  14:44  SCV x2  
  189  14:45  SCV  
  167  15:26  SCV x3  
  170  15:35  Marine x2, SCV  
  172  15:38  SCV  
  172  15:42  SCV x2  
  176  15:45  Marine x3  
  176  15:47  SCV  
  180  15:57  Marine x2, SCV x3  
  180  15:58  Marine x2  
  180  15:59  SCV  
  180  16:02  Sensor Tower  
  180  16:03  Marine  
  189  16:04  Marine x2  
  189  16:11  Sensor Tower x2  
  190  16:15  Marine x4  
  190  16:16  Sensor Tower  
  190  16:18  Missile Turret  
  194  16:21  Marine  
  194  16:24  SCV x4, Missile Turret  
  200  16:31  Missile Turret  
  194  16:37  Missile Turret  
  191  16:39  Missile Turret  
Tags
 
Add a new tag
Caveats
  • Supply blocks, unpowered buildings, or Contaminate may cause inaccurate times.
  • Supply counts are checked every 10 seconds.